 Dungeon Crawl Stone Soup version 0.27.1-4-g1640c2035a (webtiles) character file.

Game seed: 6712441744620220695

4663 pkoi the Fencer (level 10, 0/69 HPs)
             Began as a Minotaur Fighter on Nov 9, 2021.
             Was an Elder of Hepliaklqana.
             Succumbed to a kobold brigand's poison
             ... on level 9 of the Dungeon.
             The game lasted 00:09:27 (8670 turns).

pkoi the Fencer (Minotaur Fighter)                  Turns: 8670, Time: 00:09:27

Health: 0/69       AC: 10    Str: 30    XL:     10   Next: 20%
Magic:  14/14      EV: 10    Int:  5    God:    Hepliaklqana [****..]
Gold:   272        SH:  0    Dex: 19    Spells: 9/9 levels left

rFire    . . .     SeeInvis .   h - +2 triple sword (flame)
rCold    . . .     Faith    .   (shield currently unavailable)
rNeg     . . .     Spirit   .   b - +0 scale mail
rPois    .         Reflect  .   (helmet restricted)
rElec    .         Harm     .   g - scarf {shadows}
rCorr    .         Rampage  .   C - +2 pair of gloves {Dex+3}
Will     .....                  (no boots)
Stlth    ..........             (no amulet)
HPRegen  0.21/turn              D - +6 ring of strength
MPRegen  0.14/turn              j - +6 ring of dexterity

@: lethally poisoned (0 -> -11), studying Long Blades
A: reduced essence, horns 2, retaliatory headbutt
a: Renounce Religion, Recall Ancestor, Ancestor Identity, Transference, Idealise


You were on level 9 of the Dungeon.
You worshipped Hepliaklqana.
Hepliaklqana was greatly pleased with you.
You visited 2 branches of the dungeon, and saw 10 of its levels.

You collected 414 gold pieces.
You spent 142 gold pieces at shops.

Inventory:

Hand Weapons
 a - a +0 long sword
 h - a +2 triple sword of flaming (weapon)
Missiles
 s - 3 boomerangs of dispersal (quivered)
 t - a throwing net
Armour
 b - a +0 scale mail (worn)
 g - a scarf of shadows (worn)
 C - a +2 pair of gloves of dexterity (worn)
Jewellery
 j - a +6 ring of dexterity (right hand)
 D - a +6 ring of strength (left hand)
 E - a ring of see invisible
 F - a ring of positive energy
Wands
 c - a wand of flame (20)
 k - a wand of polymorph (11)
Scrolls
 e - 6 scrolls of identify
 f - a scroll of amnesia
 i - 2 scrolls of fog
 n - a scroll of immolation {unknown}
 u - 2 scrolls of torment {unknown}
 v - a scroll of magic mapping
 x - 3 scrolls of teleportation
 A - a scroll of brand weapon
 G - a scroll of enchant armour {unknown}
Potions
 d - 3 potions of might
 l - a potion of cancellation {unknown}
 m - a potion of ambrosia {unknown}
 o - a potion of resistance
 p - a potion of flight {unknown}
 q - a potion of lignification
 r - a potion of degeneration {unknown}
 w - 3 potions of curing
 z - a potion of attraction {unknown}
 B - a potion of haste {unknown}


   Skills:
 - Level 3.6 Fighting
 + Level 15.9 Long Blades
 - Level 3.6 Armour
 - Level 4.2 Shields
 - Level 7.2 Invocations


You had 9 spell levels left.
You didn't know any spells.
Your spell library contained the following spells:

 Spells                   Type           Power      Damage    Failure   Level
 Shock                    Conj/Air       0%         1d3       73%         1
 Inner Flame              Hex/Fire       0%         N/A       97%         3
 Summon Guardian Golem    Hex/Summ       0%         N/A       97%         3
 Swiftness                Air            0%         N/A       97%         3
 Airstrike                Air            0%         N/A       100%        4
 Cause Fear               Hex            0%         N/A       100%        4
 Summon Ice Beast         Ice/Summ       0%         N/A       100%        4
 Summon Mana Viper        Hex/Summ       0%         N/A       100%        5
 Conjure Ball Lightning   Conj/Air       0%         3x3d6     100%        6
 Monstrous Menagerie      Summ           0%         N/A       100%        7
 Orb of Destruction       Conj           0%         N/A       100%        7
 Spellforged Servitor     Conj/Summ      0%         N/A       100%        7
 Discord                  Hex            0%         N/A       100%        8
 Disjunction              Tloc           0%         N/A       100%        8


Dungeon Overview and Level Annotations

Branches:
Dungeon (9/15)             Temple (1/1) D:5            Lair (0/6) D:9
    Orc (0/2) D:9

Altars:
Ashenzari
Cheibriados
Dithmenos
Elyvilon
Fedhas
Gozag
Hepliaklqana
Kikubaaqudgha
Makhleb
Nemelex Xobeh
Okawaru
Qazlal
Ru
Sif Muna
Trog
Uskayaw
Vehumet
Wu Jian
Xom
Yredelemnul
Zin
The Shining One

Shops:
D:3 (   D:6 [

Portals:
Abyss: D:7

Annotations:
D:7 2 transporters, Icepheonix32's ghost, novice OpTm


Innate Abilities, Weirdness & Mutations

Your life essence is reduced to manifest your ancestor. (-10% HP)
You have a pair of horns on your head.
You reflexively headbutt those who attack you in melee.


Message History

The gnoll sergeant hits you from afar with a +2 vorpal spear.
The orc warrior hits you but does no damage.
There is an open door, spattered with blood here.
Items here: )) [ †.
You swap places.
You feel very sick.
The gnoll sergeant hits you from afar with a +2 spear of venom.
* * * LOW HITPOINT WARNING * * *
You are more poisoned.
The orc warrior hits Zolin with a +0 flail!!
Zolin hits the gnoll sergeant with a +0 quarterstaff!
* * * LOW HITPOINT WARNING * * *
You feel very sick.
The gnoll sergeant hits Zolin with a +2 spear of venom.
Something hits Zolin!
Something misses Zolin.
Zolin hits the gnoll sergeant with a +0 quarterstaff!
* * * LOW HITPOINT WARNING * * *
You feel very sick.
Something hits Zolin!
Zolin is destroyed!
* * * LOW HITPOINT WARNING * * *
You feel very sick.
* * * LOW HITPOINT WARNING * * *
You feel very sick.
* * * LOW HITPOINT WARNING * * *
You feel very sick.
There is an open door here.
You feel sick.
You feel sick.
You feel sick.
You feel sick.
You feel sick.
You feel sick.
You feel sick.
You feel sick.
You are no longer poisoned.
The kobold brigand throws a poisoned dart.
The poisoned dart hits you!
You are lethally poisoned!
You die...

#...#.....#................'...#.
#...#.....#................#...#.
#...#.....#.#'#R#..........#####.
#...#.....#.#...#.#######........
#...#.....#.#...#.# #........
#...#.....+.#...#.# #........
#...#######.#####.# #........
#.................#######........
......<.........@................
....................g....########
..........######.........#..g....
.....)....+ #.........#..###)#
..........# #..#####K.#..#8.og
.#####....# #..# #..'..#gKoO .#
#....######..# #..#..#Kgoo
.........# #..#..#oOOT .........#
#..####8...


You could see a gnoll sergeant.

Vanquished Creatures
  A two-headed ogre (D:8)
  Prince Ribbit (D:9)
  Grinder (D:6)
  A wraith (D:9)
  2 steam dragons
  An acid dragon (D:8)
  A water moccasin (D:8)
  Duvessa (D:7)
  2 ice beasts
  3 orc warriors
  A necrophage (D:6)
  A sky beast (D:6)
  An ogre (D:9)
  A centaur (D:8)
  A phantom (D:4)
  2 scorpions (D:4)
  Dowan (D:7)
  2 killer bees (D:7)
  3 wights (D:8)
  3 howler monkeys
  2 centaur zombies
  An orc priest (D:8)
  2 centaur skeletons (D:5)
  A gnoll shaman (D:7)
  A jelly (D:6)
  A bullfrog skeleton (D:5)
  Terence (D:3)
  3 iguanas (D:5)
  An orc wizard (D:9)
  A howler monkey zombie (D:9)
  8 gnolls
  An adder (D:6)
  2 white imps
  2 worms (D:3)
  A dart slug (D:1)
  16 orcs
  6 ball pythons
  3 bats
  5 endoplasms
  3 giant cockroaches
  7 goblins
  4 hobgoblins
  2 jackals (D:2)
  3 quokkas
  6 kobolds
  3 rats
116 creatures vanquished.

Vanquished Creatures (collateral kills)
  A water moccasin (D:7)
  A sky beast (D:6)
  An ogre (D:5)
  A black bear (D:7)
  A bullfrog (D:9)
  2 scorpions
  3 killer bees
  A centaur zombie (D:9)
  2 hounds
  2 gnoll shamans (D:5)
  A scorpion zombie (D:5)
  2 orc wizards
  7 gnolls
  An adder (D:6)
  An adder skeleton (D:4)
  A worm (D:3)
  A dart slug (D:5)
  4 orcs
  A ball python (D:3)
  A goblin (D:3)
  A frilled lizard (D:3)
36 creatures vanquished.

Vanquished Creatures (others)
  A battlemage (D:9)
1 creature vanquished.

Grand Total: 153 creatures vanquished

Notes
Turn   | Place    | Note
-------+----------+-------------------------------------------
     0 | D:1      | pkoi the Minotaur Fighter began the quest for the Orb.
     0 | D:1      | Reached XP level 1. HP: 19/19 MP: 0/0
   493 | D:1      | Reached skill level 3 in Long Blades
   589 | D:1      | Reached XP level 2. HP: 26/26 MP: 1/1
  1207 | D:2      | Identified a scroll of acquirement
  1207 | D:2      | Acquired a +1 triple sword of pain
  1498 | D:2      | Reached XP level 3. HP: 31/31 MP: 2/2
  1537 | D:2      | Found a faded altar of an unknown god.
  1549 | D:2      | Became a worshipper of Hepliaklqana the Forgotten
  1549 | D:2      | Reached * piety under Hepliaklqana
  1800 | D:3      | Reached skill level 4 in Long Blades
  1901 | D:3      | Noticed Terence
  1905 | D:3      | Killed Terence
  1906 | D:3      | Reached skill level 1 in Invocations
  1906 | D:3      | Reached XP level 4. HP: 35/35 MP: 2/4
  2131 | D:3      | Found a bloodstained altar of Trog.
  2453 | D:3      | Reached ** piety under Hepliaklqana
  2454 | D:3      | Remembered your ancestor Zolin as a battlemage
  2499 | D:3      | Found Rueregya's Weapon Shop.
  2606 | D:4      | Noticed a phantom
  2617 | D:4      | Killed a phantom
  2618 | D:4      | Reached skill level 5 in Long Blades
  2618 | D:4      | Reached XP level 5. HP: 15/40 MP: 4/6
  3065 | D:4      | Reached skill level 6 in Long Blades
  3065 | D:4      | Reached XP level 6. HP: 30/45 MP: 7/7
  3320 | D:4      | Found a hide-covered altar of Uskayaw.
  3656 | D:5      | Entered Level 5 of the Dungeon
  3827 | D:5      | Reached XP level 7. HP: 50/51 MP: 9/9
  3837 | D:5      | Found a staircase to the Ecumenical Temple.
  3839 | D:5      | Reached skill level 7 in Long Blades
  3873 | Temple   | Entered the Ecumenical Temple
  4237 | D:5      | Reached skill level 5 in Invocations
  4256 | D:5      | Found an iron altar of Okawaru.
  4957 | D:5      | Reached skill level 8 in Long Blades
  5055 | D:5      | Found a snail-covered altar of Cheibriados.
  5241 | D:6      | Found a burning altar of Makhleb.
  5253 | D:6      | Noticed Grinder
  5263 | D:6      | Killed Grinder
  5264 | D:6      | Reached XP level 8. HP: 33/57 MP: 11/11
  5447 | D:6      | Reached *** piety under Hepliaklqana
  5518 | D:6      | Found a shimmering altar of Xom.
  5538 | D:6      | Found an opulent altar of Gozag.
  5643 | D:6      | Reached skill level 9 in Long Blades
  6141 | D:6      | Found Jetimiet's Antique Armour Shop.
  6144 | D:6      | Bought a pair of glowing gloves for 142 gold pieces
  6279 | D:7      | Reached skill level 10 in Long Blades
  6423 | D:7      | Noticed Duvessa
  6424 | D:7      | Noticed Dowan
  6426 | D:7      | Killed Duvessa
  6427 | D:7      | Reached XP level 9. HP: 47/63 MP: 13/13
  6428 | D:7      | Killed Dowan
  6429 | D:7      | Reached skill level 11 in Long Blades
  6717 | D:7      | Found a one-way gate to the infinite horrors of the Abyss.
  6717 | D:7      | Noticed Icepheonix32's ghost (novice OpTm)
  6733 | D:7      | Found a transporter.
  6805 | D:7      | Found a transporter.
  6840 | D:7      | Reached **** piety under Hepliaklqana
  7183 | D:8      | Noticed a two-headed ogre
  7188 | D:8      | Killed a two-headed ogre
  7189 | D:8      | Reached skill level 12 in Long Blades
  7190 | D:8      | Reached skill level 13 in Long Blades
  7573 | D:8      | Acquired a manual of Long Blades
  7729 | D:8      | Reached skill level 14 in Long Blades
  8124 | D:9      | Found a shadowy altar of Dithmenos.
  8131 | D:9      | Reached XP level 10. HP: 44/69 MP: 14/14
  8140 | D:9      | Reached skill level 15 in Long Blades
  8261 | D:9      | Noticed Prince Ribbit
  8271 | D:9      | Killed Prince Ribbit
  8355 | D:9      | Found a staircase to the Lair.
  8652 | D:9      | Found a staircase to the Orcish Mines.
  8669 | D:9      | HP: 3/69 [poisoned by a gnoll sergeant]
  8670 | D:9      | Succumbed to a kobold brigand's poison

Illustrated notes

Levels and vault maps discovered:
D:1:      amcnicky_arrival_blooded_trapdoor, layout_loops_corners
D:2:      layout_rooms, shapermc_ecumenical_altar_gd
D:3:      layout_loops_corners, general_overflow_altar, serial_shops,
          nicolae_shop_statue_plus, uniq_terence
D:4:      layout_cave_pools, nicolae_uskayaw_murder_on_the_dancefloor
D:5:      layout_loops_corners, mainiacjoe_overflow_alcove_1,
          mainiacjoe_overflow_alcove_4, minmay_temple_entry_tees
D:6:      layout_rooms, mainiacjoe_overflow_cross_hatched, minitemple,
          serial_shops, kennysheep_mini, grunt_ministairs_7,
          hellmonk_bongcloud_opening, kennysheep_donut, dk_vineyard_2,
          uniq_grinder
D:7:      layout_cave_pools, gammafunk_ghost_abyssal_escape, uniq_duvessa
D:8:      layout_cave_pools, minmay_fractal_squares_gapless_5
D:9:      layout_irregular_city, lemuel_crystal_altar, lair_entry_dummy,
          kennysheep_orc_monster_closet_entryway, amcnicky_mini_pool_medium,
          uniq_prince_ribbit1
Temple:   nicolae_temple_god_jail

Skill      XL: |  1  2  3  4  5  6  7  8  9 10 |
---------------+-------------------------------+-----
Long Blades    | 3 4 5 6 8 10 14 15 | 15.9
Shields        | 4 |  4.2
Invocations    | 1 2 3 4 6 7 |  7.2
Fighting       | |  3.6
Armour         | |  3.6

Action                   |  1- 3 |  4- 6 |  7- 9 | 10-12 || total
-------------------------+-------+-------+-------+-------++-------
Melee: Long sword        |    23 |       |       |       ||    23
       Headbutt          |     3 |    14 |    28 |     5 ||    50
       Triple sword      |    32 |    51 |   107 |    22 ||   212
Invok: Ancestor Identity |     1 |       |       |       ||     1
       Ancestor Life: Ba |       |     1 |       |       ||     1
  Use: Scroll            |     4 |       |     9 |       ||    13
       Potion            |       |       |     1 |       ||     1
 Stab: Distracted        |       |       |     1 |       ||     1
Armor: Scale mail        |    25 |    22 |    65 |    13 ||   125
Dodge: Dodged            |    26 |    23 |    65 |    16 ||   130
Block: Kite shield       |     6 |       |       |       ||     6
       Rpst.: Long sword |     1 |       |       |       ||     1
       Triple sword      |     6 |     6 |    11 |     1 ||    24
